 Dungeon Crawl Stone Soup version 0.20.1-1-g8b1a95d (webtiles) character file.

16895 kaze the Cleaver (level 12, -19/107 HPs)
             Began as a Minotaur Fighter on Sept 17, 2017.
             Was a High Priest of Nemelex Xobeh.
             Killed from afar by a storm dragon (27 damage)
             ... with a bolt of lightning
             ... on level 3 of the Lair of Beasts.
             The game lasted 00:27:25 (9350 turns).

kaze the Cleaver (Minotaur Fighter)                 Turns: 9350, Time: 00:27:27

Health: -19/107    AC: 15    Str: 29    XL:     12   Next: 14%
Magic:  12/12      EV: 10    Int:  5    God:    Nemelex Xobeh [*****.]
Gold:   689        SH: 18    Dex: 16    Spells: 11/11 levels left

rFire    + + .     SeeInvis .   H - +8 hand axe "Kollolug" {chop, rC- Str+4 Dex+7}
rCold    x . .     Gourm    .   c - +0 shield
rNeg     + . .     Faith    .   w - +0 plate armour
rPois    .         Spirit   .   (helmet restricted)
rElec    .         Reflect  +   (no cloak)
rCorr    .         Harm     .   (no gloves)
MR       .....                  (no boots)
Stlth    ..........             J - +5 amulet of reflection
Regen    0.3/turn               n - ring of positive energy
MPRegen  0.2/turn               p - ring of protection from fire

@: no status effects
A: retaliatory headbutt, horns 2, clumsy 1, fire resistance 1, screaming 1, wild
magic 1
a: Triple Draw, Deal Four, Stack Five, Renounce Religion


You were on level 3 of the Lair of Beasts.
You worshipped Nemelex Xobeh.
Nemelex Xobeh was extremely pleased with you.
You were very hungry.

You visited 2 branches of the dungeon, and saw 13 of its levels.

You collected 754 gold pieces.
You spent 65 gold pieces at shops.

Inventory:

Hand Weapons
 f - a +1 flail of draining
 H - the +8 hand axe "Kollolug" (weapon) {chop, rC- Str+4 Dex+7}
   (You took it off an orc warrior on level 9 of the Dungeon)

   It inflicts extra damage upon your enemies.
   It affects your strength (+4).
   It affects your dexterity (+7).
   It makes you vulnerable to cold.
Missiles
 j - 11 javelins (quivered)
 k - 8 tomahawks
 B - 5 steel javelins
Armour
 c - a +0 shield (worn)
 w - a +0 plate armour (worn)
Jewellery
 i - an uncursed ring of ice {unknown}
 n - a ring of positive energy (left hand)
 p - a ring of protection from fire (right hand)
 J - a +5 amulet of reflection (around neck)
Wands
 m - a wand of iceblast (0/15)
 E - a wand of disintegration (5/24)
 N - a wand of scattershot (2/9)
Scrolls
 b - a scroll of enchant weapon
 g - 4 scrolls of recharging
 l - 5 scrolls of magic mapping
 q - 5 scrolls of teleportation
 x - 7 scrolls of identify
 y - a scroll of amnesia
 z - a scroll of silence
 F - a scroll of fog
 G - a scroll of acquirement {unknown}
 I - a scroll of remove curse
 M - a scroll of fear
Potions
 d - a potion of might
 e - 2 potions of haste
 h - 2 potions of invisibility
 s - a potion of ambrosia {unknown}
 u - 7 potions of curing {unknown}
 v - 2 potions of resistance {unknown}
 C - a potion of agility {unknown}
 D - a potion of brilliance {unknown}
Miscellaneous
 a - a plain deck of summoning {drawn: 1}
 A - an ornate deck of summoning {drawn: 4}
 L - a plain deck of summoning
 O - a plain deck of destruction {drawn: 4}
Comestibles
 o - 5 royal jellies
 r - 45 fruits
 t - a meat ration
 K - a bread ration


   Skills:
 + Level 10.5 Fighting
 + Level 13.5 Axes
 + Level 2.0 Throwing
 + Level 11.6 Armour
 + Level 4.5 Dodging
 + Level 1.0 Stealth
 + Level 11.0 Shields
 + Level 2.5 Invocations
 + Level 1.0 Evocations


You had 11 spell levels left.
You didn't know any spells.

Dungeon Overview and Level Annotations

Branches:
Dungeon (11/15)            Temple (0/1) D:6            Lair (3/6) D:8
    Orc (0/2) D:9
  Swamp: Lair:2-4    Shoals: Lair:2-4     Snake: Lair:2-4    Spider: Lair:2-4

Altars:
Ashenzari
Cheibriados
Fedhas
Hepliaklqana
Kikubaaqudgha
Makhleb
Nemelex Xobeh
Okawaru
Qazlal
Ru
Trog
Xom

Shops:
D:5 :!==


Innate Abilities, Weirdness & Mutations

You reflexively headbutt those who attack you in melee.
You have a pair of horns on your head.
You are clumsy. (Dex -2)
Your flesh is heat resistant. (rF+)
You occasionally shout uncontrollably at your foes.
Your spells are a little harder to cast, but a little more powerful.


Message History

Your catoblepas dies!
Your catoblepas's corpse disappears in a puff of smoke!
Your yaktaur unwields an uncursed arbalest.
Your yaktaur hits the death yak. Something gores your yaktaur.
The sun demon misses your chaos spawn.
Your chaos spawn hits the sun demon.
Your chaos spawn sears the sun demon!
The sun demon dies!
The death yak gores the plant!!
The storm dragon breathes lightning at you.
The bolt of lightning hits your molten gargoyle.
Your molten gargoyle resists.
The bolt of lightning hits you!
* * * LOW HITPOINT WARNING * * *
Your molten gargoyle barely misses the storm dragon.
The death yak gores your yaktaur. Something gores your yaktaur.
The storm dragon breathes lightning at you.
The bolt of lightning misses your wind drake.
The bolt of lightning hits you!
You die...
Your body disappears without a glow.

P............... #P..............
................ ## #####
#...............
####.##P..#####.............#
#####P###.P....P.#.....††........
.......##........................
.................................
.............<..@................
...............k.................
.................................
.................................
...........†D9............#......
.......##.>R...†....[....##......
.........cPP#..#...............P.
........cYP#####.#.#...........P.
.........4### ##♣#.♣..........##


You could see a storm dragon, a death yak, a friendly rakshasa, a friendly wind
drake, a friendly yaktaur and a friendly molten gargoyle.

Vanquished Creatures
  Erica (Lair:1)
  A tengu warrior (D:11)
  An unseen horror (D:11)
  A harpy (D:10)
  2 ugly things (D:11)
  2 centaur zombies
  Joseph (D:10)
  A gargoyle (D:10)
  3 spiny frogs
  A rime drake (Lair:1)
  A komodo dragon (D:10)
  A queen bee (D:10)
  A polar bear (Lair:1)
  11 blink frogs
  A hippogriff (D:8)
  A shadow (D:11)
  A wyvern (D:11)
  10 yaks
  2 wraiths (D:11)
  A hungry ghost (D:9)
  3 water moccasins
  4 porcupines (Lair:1)
  2 orc warriors
  3 sky beasts
  A hornet zombie (D:10)
  2 ice beasts (D:10)
  2 black bears
  3 crocodiles
  10 centaurs
  5 bullfrogs
  2 scorpions
  10 killer bees
  8 wights
  A crimson imp (D:6)
  3 bullfrog zombies
  7 orc priests
  A hound (D:9)
  5 jellies
  5 orc wizards
  3 bullfrog skeletons
  5 worker ants
  An iguana (D:7)
  A killer bee zombie (D:8)
  2 worker ant zombies
  5 gnolls
  7 adders
  2 shadow imps
  An adder zombie (D:5)
  3 worms
  6 leopard geckos
  19 orcs
  4 goblins
  4 hobgoblins
  4 jackals (D:2)
  8 kobolds
  2 quokkas
  6 bats
  2 frilled lizards
  6 rats
212 creatures vanquished.

Vanquished Creatures (collateral kills)
  2 two-headed ogres
  A death yak (Lair:3)
  A blink frog (Lair:3)
  A wyvern (D:8)
  A boggart (Lair:3)
  2 killer bees (D:8)
  A hound (D:8)
  A worker ant (D:8)
  5 gnolls (D:8)
  An adder (D:10)
  An orc (D:8)
  A quokka (D:8)
18 creatures vanquished.

Vanquished Creatures (others)
  A cyclops (D:11)
1 creature vanquished.

Grand Total: 231 creatures vanquished

Notes
Turn   | Place    | Note
-------+----------+-------------------------------------------
     0 | D:1      | kaze the Minotaur Fighter began the quest for the Orb.
     0 | D:1      | Reached XP level 1. HP: 19/19 MP: 0/0
   173 | D:1      | Reached XP level 2. HP: 27/27 MP: 1/1
   616 | D:2      | Found a hazy altar of Hepliaklqana.
   618 | D:2      | Found a shattered altar of Ashenzari.
   635 | D:2      | Found an iron altar of Okawaru.
   636 | D:2      | Found a sparkling altar of Nemelex Xobeh.
   637 | D:2      | Found an ancient bone altar of Kikubaaqudgha.
   647 | D:2      | Reached XP level 3. HP: 23/33 MP: 2/2
   648 | D:2      | Reached skill level 3 in Axes
   657 | D:2      | Became a worshipper of Nemelex Xobeh the Trickster
   687 | D:2      | Received a gift from Nemelex Xobeh
   951 | D:2      | Reached XP level 4. HP: 38/40 MP: 3/3
  1174 | D:2      | Reached * piety under Nemelex Xobeh
  1451 | D:3      | You fall through a shaft for 2 floors!
  1451 | D:5      | Entered Level 5 of the Dungeon
  1473 | D:5      | Noticed a centaur
  1479 | D:5      | Killed a centaur
  1479 | D:5      | Reached skill level 4 in Axes
  1479 | D:5      | Reached skill level 1 in Dodging
  1479 | D:5      | Reached XP level 5. HP: 11/47 MP: 4/4
  1885 | D:5      | Found Zigenah's Distillery.
  1888 | D:5      | Bought a potion of heal wounds for 65 gold pieces
  1962 | D:5      | Found a sacrificial altar of Ru.
  2044 | D:5      | Reached skill level 5 in Fighting
  2044 | D:5      | Reached skill level 5 in Axes
  2044 | D:5      | Reached XP level 6. HP: 50/56 MP: 5/5
  2136 | D:5      | Found Towunilo's Jewellery Shop.
  2141 | D:5      | Found Hutzef's Jewellery Emporium.
  2212 | D:5      | Reached skill level 5 in Armour
  2242 | D:5      | Found Wodo's Book Boutique.
  2302 | D:5      | Found a bloodstained altar of Trog.
  2365 | D:5      | Found a blossoming altar of Fedhas.
  2496 | D:6      | Found a staircase to the Ecumenical Temple.
  2573 | D:6      | Reached skill level 5 in Shields
  2879 | D:6      | Reached ** piety under Nemelex Xobeh
  2976 | D:6      | Reached skill level 6 in Axes
  2986 | D:6      | Found a bloodstained altar of Trog.
  3162 | D:7      | Reached XP level 7. HP: 55/61 MP: 6/6
  3324 | D:7      | Reached skill level 7 in Axes
  3367 | D:7      | Received a gift from Nemelex Xobeh
  3652 | D:7      | Gained mutation: Armour fits poorly on your strangely shaped body. [mutagenic meat]
  3653 | D:7      | Gained mutation: Your flesh is heat resistant. (rF+) [mutagenic meat]
  3654 | D:7      | Gained mutation: You occasionally shout uncontrollably at your foes. [mutagenic meat]
  3655 | D:7      | Gained mutation: You are agile. (Dex +2) [mutagenic meat]
  3656 | D:7      | Gained mutation: Scrolls take you a little longer to read. [mutagenic meat]
  3681 | D:7      | Lost mutation: Armour fits poorly on your strangely shaped body. [potion of mutation]
  3681 | D:7      | Lost mutation: You are agile. (Dex +2) [potion of mutation]
  3681 | D:7      | Lost mutation: Scrolls take you a little longer to read. [potion of mutation]
  3681 | D:7      | Gained mutation: You are clumsy. (Dex -2) [potion of mutation]
  3681 | D:7      | Gained mutation: Your spells are a little harder to cast, but a little more powerful. [potion of mutation]
  3776 | D:7      | Reached XP level 8. HP: 67/69 MP: 7/7
  3802 | D:8      | Reached skill level 1 in Throwing
  3805 | D:8      | Reached skill level 8 in Axes
  3857 | D:8      | Noticed a hippogriff
  3866 | D:8      | Killed a hippogriff
  4123 | D:8      | Found a stormy altar of Qazlal.
  4174 | D:8      | Noticed a two-headed ogre
  4183 | D:8      | Killed a two-headed ogre
  4183 | D:8      | Reached skill level 1 in Invocations
  4336 | D:8      | Found a staircase to the Lair.
  4377 | D:8      | Reached skill level 9 in Axes
  4397 | D:8      | Reached XP level 9. HP: 26/77 MP: 8/8
  4836 | D:9      | Found a staircase to the Orcish Mines.
  4859 | D:9      | Received a gift from Nemelex Xobeh
  4918 | D:9      | Reached *** piety under Nemelex Xobeh
  4950 | D:9      | Found a shimmering altar of Xom.
  4951 | D:9      | Noticed a two-headed ogre
  4957 | D:9      | Killed a two-headed ogre
  5171 | D:9      | Got a warped hand axe {chop}
  5172 | D:9      | Identified the +8 hand axe "Kollolug" {chop, rC- Str+4 Dex+7} (You took it off an orc warrior on level 9 of the Dungeon)
  5230 | D:9      | Received a gift from Nemelex Xobeh
  5609 | D:9      | Reached skill level 10 in Axes
  5741 | D:9      | Found a snail-covered altar of Cheibriados.
  5796 | D:10     | Entered Level 10 of the Dungeon
  5852 | D:10     | Noticed Joseph
  5881 | D:10     | Noticed a harpy
  5881 | D:10     | a yak changed into a harpy
  5881 | D:10     | Noticed a queen bee
  5881 | D:10     | a yak changed into a queen bee
  5885 | D:10     | Killed a harpy
  5902 | D:10     | Killed a queen bee
  5904 | D:10     | Reached XP level 10. HP: 66/86 MP: 10/10
  5915 | D:10     | Killed Joseph
  5980 | D:10     | Reached skill level 11 in Axes
  6619 | D:10     | Noticed a gargoyle
  6639 | D:10     | Killed a gargoyle
  6639 | D:10     | Reached skill level 10 in Armour
  7051 | D:11     | Reached skill level 1 in Stealth
  7184 | D:11     | Reached **** piety under Nemelex Xobeh
  7184 | D:11     | Noticed a purple ugly thing
  7193 | D:11     | Killed a purple ugly thing
  7257 | D:11     | Reached XP level 11. HP: 95/97 MP: 11/11
  7356 | D:11     | Killed an unseen horror
  7356 | D:11     | Reached skill level 12 in Axes
  7780 | D:11     | Noticed a white ugly thing
  7796 | D:11     | Killed a white ugly thing
  8199 | D:11     | Noticed a tengu warrior
  8206 | D:11     | Killed a tengu warrior
  8320 | Lair:1   | Entered Level 1 of the Lair of Beasts
  8346 | Lair:1   | Reached skill level 10 in Fighting
  8346 | Lair:1   | Reached skill level 10 in Shields
  8425 | Lair:1   | Noticed Erica
  8435 | Lair:1   | Killed Erica
  8435 | Lair:1   | Reached skill level 1 in Evocations
  8480 | Lair:1   | Received a gift from Nemelex Xobeh
  8544 | Lair:1   | Reached skill level 13 in Axes
  8580 | Lair:1   | Received a gift from Nemelex Xobeh
  9003 | Lair:3   | Found a burning altar of Makhleb.
  9017 | Lair:3   | Reached XP level 12. HP: 107/107 MP: 12/12
  9222 | Lair:3   | Received a gift from Nemelex Xobeh
  9305 | Lair:3   | Reached ***** piety under Nemelex Xobeh
  9319 | Lair:3   | Noticed a death yak
  9320 | Lair:3   | Noticed a death yak
  9322 | Lair:3   | Noticed a storm dragon
  9322 | Lair:3   | a death yak changed into a storm dragon
  9323 | Lair:3   | Noticed a death yak
  9324 | Lair:3   | Noticed a death yak
  9328 | Lair:3   | Noticed a death yak
  9345 | Lair:3   | Killed a death yak
  9350 | Lair:3   | Killed from afar by a storm dragon

Skill      XL: |  1  2  3  4  5  6  7  8  9 10 11 12 |
---------------+-------------------------------------+-----
Fighting       | 4 5 6 7 9 10 | 10.5
Shields        | 4 5 6 7 9 10 11 | 11.0
Axes           | 3 4 5 6 7 9 10 11 13 | 13.5
Armour         | 4 5 6 7 9 10 11 | 11.6
Dodging        | 1 2 3 4 |  4.5
Throwing       | 1 2 |  2.0
Invocations    | 1 2 |  2.5
Stealth        | 1 |  1.0
Evocations     | 1 |  1.0

Action                   |  1- 3 |  4- 6 |  7- 9 | 10-12 || total
-------------------------+-------+-------+-------+-------++-------
Melee: War axe           |    60 |    84 |   215 |       ||   359
       Headbutt          |    13 |    10 |    40 |   109 ||   172
       Hand axe          |       |       |    32 |   366 ||   398
Throw: Javelin           |     1 |       |    11 |     7 ||    19
Evoke: Deck              |       |     3 |    20 |    10 ||    33
       Wand              |       |     2 |       |     5 ||     7
  Use: Scroll            |       |    12 |     3 |     4 ||    19
       Potion            |       |       |     3 |     3 ||     6
  Eat: Bread ration      |       |     1 |     2 |       ||     3
       Chunk             |       |     1 |    10 |     4 ||    15
       Meat ration       |       |       |     1 |     1 ||     2
Armor: Scale mail        |    27 |    36 |    42 |       ||   105
       Chain mail        |       |       |    46 |    17 ||    63
       Plate armour      |       |       |       |    90 ||    90
Dodge: Dodged            |    24 |    21 |    78 |    68 ||   191
Block: Shield            |    45 |    49 |   128 |   228 ||   450
       Reflection        |       |       |       |     1 ||     1
